 Dungeon Crawl Stone Soup version 0.28.0 (webtiles) character file.

Game seed: 11003270328215721389

588 dolemite99 the Digger (level 7, -1/51 HPs)
             Began as a Gnoll Earth Elementalist on Feb 5, 2022.
             Was a Priest of Dithmenos.
             Slain by Pikel (9 damage)
             ... on level 5 of the Dungeon.
             The game lasted 00:07:55 (4098 turns).

dolemite99 the Digger (Gnoll Earth Elementalist)    Turns: 4098, Time: 00:07:56

Health: -1/51      AC:  4    Str:  8    XL:     7   Next: 38%
Magic:  7/15       EV: 13    Int: 16    God:    Dithmenos [***...]
Gold:   30         SH:  0    Dex: 12    Spells: 13/17 levels left

rFire   . . .      SeeInvis +   b - +1 hunting sling (flame)
rCold   + . .      Faith    .   (no shield)
rNeg    . . .      Spirit   .   r - +1 leather armour
rPois   .          Reflect  .   (no helmet)
rElec   .          Harm     .   u - scarf {shadows}
rCorr   .          Rampage  .   (no gloves)
Will    .....                   (no boots)
Stlth   +++.......              (no amulet)
HPRegen 0.17/turn               o - ring of protection from cold
MPRegen 0.14/turn               z - ring of see invisible

@: about to teleport, wreathed by umbra
A: fangs 1, strong nose, distributed training
a: Renounce Religion, Shadow Step


You were on level 5 of the Dungeon.
You worshipped Dithmenos.
Dithmenos was most pleased with you.
You visited 1 branch of the dungeon, and saw 5 of its levels.

You collected 240 gold pieces.
You spent 210 gold pieces at shops.

Inventory:

Hand Weapons
 a - the +6 war axe of Qoulliaff {holy, rPois Str+4 SInv Stlth-}
   (You found it on level 4 of the Dungeon)

   It has been blessed by the Shining One to cause great damage to the undead
   and demons.
   Str:       It affects your strength (+4).
   rPois:     It protects you from poison.
   SInv:      It lets you see invisible.
   Stlth:     It makes you less stealthy.
 b - a +1 hunting sling of flaming (weapon)
 j - a +0 long sword
 l - a +0 dagger of chaos
 n - a +0 hand axe of electrocution
 q - a +0 short sword
 x - a +1 mace of holy wrath
Missiles
 c - 30 stones {!f}
 d - 24 bolts
 f - 46 arrows
 p - 4 sling bullets (quivered ammo)
Armour
 r - a +1 leather armour (worn)
 u - a scarf of shadows (worn)
Jewellery
 o - a ring of protection from cold (left hand)
 z - a ring of see invisible (right hand)
Wands
 v - a wand of iceblast (6)
 A - a wand of flame (9)
Scrolls
 g - a scroll of brand weapon
 i - a scroll of teleportation
 k - a scroll of fog
Potions
 e - 2 potions of lignification {unknown}
 h - a potion of experience {unknown}
 m - a potion of heal wounds {unknown}
 w - a potion of resistance {unknown}


   Skills:
 + Level 2.4 Fighting
 + Level 2.4 Short Blades
 + Level 2.4 Long Blades
 + Level 2.4 Axes
 + Level 2.4 Maces & Flails
 + Level 2.4 Polearms
 + Level 2.4 Staves
 + Level 2.4 Slings
 + Level 2.4 Bows
 + Level 2.4 Crossbows
 + Level 2.4 Throwing
 + Level 2.4 Armour
 + Level 5.2 Dodging
 + Level 4.9 Stealth
 + Level 2.4 Shields
 + Level 2.4 Unarmed Combat
 + Level 5.6 Spellcasting
 + Level 2.0 Conjurations
 + Level 2.0 Hexes
 + Level 2.0 Summonings
 + Level 2.0 Necromancy
 + Level 2.0 Translocations
 + Level 3.0 Transmutations
 + Level 2.0 Fire Magic
 + Level 2.0 Ice Magic
 + Level 2.0 Air Magic
 + Level 5.8 Earth Magic
 + Level 2.0 Poison Magic
 + Level 2.7 Invocations
 + Level 2.4 Evocations


You had 13 spell levels left.
You knew the following spells:

 Your Spells              Type           Power      Damage    Failure   Level
a - Sandblast             Erth           46%        2d11      1%          1
b - Stone Arrow           Conj/Erth      34%        3d9       12%         3

Your spell library contained the following spells:

 Spells                   Type           Power      Damage    Failure   Level
 Passwall                 Tmut/Erth      15%        N/A       4%          2
 Beastly Appendage        Tmut           28%        N/A       6%          1
 Sting                    Tmut/Pois      48%        1d5       7%          1
 Wereblood                Tmut           14%        N/A       9%          2
 Poisonous Vapours        Pois/Air       22%        N/A       13%         2
 Spider Form              Tmut/Pois      12%        N/A       22%         3
 Petrify                  Tmut/Erth      18%        N/A       32%         4
 Olgreb's Toxic Radiance  Pois           11%        N/A       65%         4


Dungeon Overview and Level Annotations

Branches:
Dungeon (5/15)
 Temple: D:4-7

Altars:
Cheibriados
Dithmenos
Fedhas
Kikubaaqudgha
Uskayaw
Xom

Shops:
D:4 =

Annotations:
D:5 Pikel


Innate Abilities, Weirdness & Mutations

You have very sharp teeth.
Your uncanny sense of smell can sniff out nearby items.
Your experience applies equally to all skills.


Message History

Casting: Sandblast (safe; 1% risk of failure)
Confirm with . or Enter, or press ? or * to list all spells.
Aiming: Sandblast (safe; 1% risk of failure)
Press: ? - help, Shift-Dir - straight line, f/p - Pikel
Aim: Pikel, wielding a +1 whip of flaming and wearing a +0 robe (heavily wounded, umbra, 76% to hit)
The blast of sand hits Pikel but does no damage.
Pikel is heavily wounded.
c - 31 stones {!f} Pikel hits you with a +1 whip of flaming!
* * * LOW HITPOINT WARNING * * *
Pikel burns you.
* * * LOW HITPOINT WARNING * * *
Pikel cracks his whip.
You feel better.
Pikel hits you with a +1 whip of flaming.
* * * LOW HITPOINT WARNING * * *
Pikel burns you.
* * * LOW HITPOINT WARNING * * *
You feel better. Pikel closely misses you.
You feel better. Pikel barely misses you.
Casting: Sandblast (safe; 1% risk of failure)
Confirm with . or Enter, or press ? or * to list all spells.
Aiming: Sandblast (safe; 1% risk of failure)
Press: ? - help, Shift-Dir - straight line, f/p - Pikel
Aim: Pikel, wielding a +1 whip of flaming and wearing a +0 robe (moderately wounded, umbra, 76% to hit)
The blast of sand hits Pikel.
Pikel is heavily wounded.
c - 30 stones {!f} Pikel hits you with a +1 whip of flaming!
* * * LOW HITPOINT WARNING * * *
Pikel burns you.
* * * LOW HITPOINT WARNING * * *
Press: ? - help, v - describe, . - travel
Here: Pikel, wielding a +1 whip of flaming and wearing a +0 robe (heavily wounded, umbra)
The floor.
Unknown command.
As you read the scroll of teleportation, it crumbles to dust.
You feel strangely unstable.
Pikel hits you with a +1 whip of flaming!
You die...

#.5..5#
#####5# #5#
#.#
#.#########
#.5.55.5..#
########5##
#K# #@# #.#
#.# #.# #.#
#.# #.# #.#
#.#


You could see Pikel and 2 lemures.

Vanquished Creatures
  A black bear (D:4)
  A water moccasin skeleton (D:4)
  4 crimson imps (D:4)
  A hound (D:4)
  2 iguanas (D:4)
  3 orc wizards (D:4)
  A gnoll (D:1)
  5 adders
  A worm (D:4)
  5 dart slugs
  15 orcs
  4 ball pythons
  6 bats
  12 endoplasms
  2 giant cockroaches
  4 goblins
  7 hobgoblins
  9 jackals
  4 kobolds (D:1)
  A quokka (D:1)
  2 frilled lizards
  3 rats
93 creatures vanquished.

Notes
Turn   | Place    | Note
-------+----------+-------------------------------------------
     0 | D:1      | dolemite99 the Gnoll Earth Elementalist began the quest for
                  | the Orb.
     0 | D:1      | Reached XP level 1. HP: 13/13 MP: 6/6
   169 | D:1      | Reached XP level 2. HP: 17/19 MP: 4/7
   544 | D:1      | Reached XP level 3. HP: 25/25 MP: 7/9
   600 | D:1      | Reached skill level 5 in Spellcasting
   724 | D:1      | Found a faded altar of an unknown god.
   733 | D:1      | Prayed at the altar of an unknown god.
   733 | D:1      | Became a worshipper of Dithmenos the Shadowed
   733 | D:1      | Reached * piety under Dithmenos
  1310 | D:2      | Reached skill level 1 in Invocations
  1513 | D:2      | Reached skill level 1 in Fighting
  1513 | D:2      | Reached skill level 1 in Short Blades
  1513 | D:2      | Reached skill level 1 in Long Blades
  1513 | D:2      | Reached skill level 1 in Axes
  1513 | D:2      | Reached skill level 1 in Maces & Flails
  1513 | D:2      | Reached skill level 1 in Polearms
  1513 | D:2      | Reached skill level 1 in Staves
  1513 | D:2      | Reached skill level 1 in Slings
  1513 | D:2      | Reached skill level 1 in Bows
  1513 | D:2      | Reached skill level 1 in Crossbows
  1513 | D:2      | Reached skill level 1 in Throwing
  1513 | D:2      | Reached skill level 1 in Armour
  1513 | D:2      | Reached skill level 1 in Shields
  1513 | D:2      | Reached skill level 1 in Unarmed Combat
  1513 | D:2      | Reached skill level 1 in Evocations
  1594 | D:2      | Reached XP level 4. HP: 32/32 MP: 9/11
  1967 | D:3      | Reached ** piety under Dithmenos
  2057 | D:3      | Found a blossoming altar of Fedhas.
  2121 | D:3      | Reached skill level 1 in Conjurations
  2121 | D:3      | Reached skill level 1 in Hexes
  2121 | D:3      | Reached skill level 1 in Summonings
  2121 | D:3      | Reached skill level 1 in Necromancy
  2121 | D:3      | Reached skill level 1 in Translocations
  2121 | D:3      | Reached skill level 1 in Fire Magic
  2121 | D:3      | Reached skill level 1 in Ice Magic
  2121 | D:3      | Reached skill level 1 in Air Magic
  2121 | D:3      | Reached skill level 1 in Poison Magic
  2147 | D:3      | Found an ancient bone altar of Kikubaaqudgha.
  2529 | D:3      | Reached XP level 5. HP: 37/37 MP: 9/12
  2633 | D:3      | Found a shadowy altar of Dithmenos.
  2792 | D:4      | Found a hide-covered altar of Uskayaw.
  3095 | D:4      | Reached XP level 6. HP: 32/44 MP: 7/13
  3288 | D:4      | Identified the +6 war axe of Qoulliaff {holy, rPois Str+4
                  | SInv Stlth-}
  3370 | D:4      | Noticed a black bear
  3381 | D:4      | Killed a black bear
  3382 | D:4      | Reached skill level 5 in Dodging
  3413 | D:4      | Reached XP level 7. HP: 47/50 MP: 10/15
  3492 | D:4      | Found Raugaa's Jewellery Emporium.
  3503 | D:4      | Bought a ring of see invisible for 210 gold pieces
  3649 | D:4      | Reached *** piety under Dithmenos
  3652 | D:4      | Found a snail-covered altar of Cheibriados.
  3724 | D:4      | Found a shimmering altar of Xom.
  3936 | D:4      | Learned a level 3 spell: Stone Arrow
  3953 | D:5      | Entered Level 5 of the Dungeon
  4039 | D:5      | Noticed Pikel
  4098 | D:5      | Slain by Pikel

Illustrated notes

Levels and vault maps discovered:
D:1:      dpeg_arrival_rooms_a, layout_basic,
          hellmonk_ecumenical_altar_dog_temple, minmay_tromino_mix6
D:2:      layout_basic, minmay_misc_feat_encased
D:3:      layout_basic, old_standard_altar,
          nicolae_dithmenos_through_a_glass_darkly,
          mainiacjoe_overflow_boulevard
D:4:      layout_loops_cross, kennysheep_slug_shrine, lemuel_crystal_altar,
          led_xom_imps, serial_shops, shop
D:5:      layout_basic, nicolae_gozag_seed_capital,
          beargit_hepliaklqana_dungeon_heroes, portal_sewer_entry_e,
          hangedman_abyss_or_decor_passed, uniq_blork_the_orc, uniq_pikel

Skill      XL: |  1  2  3  4  5  6  7 |
---------------+----------------------+-----
Transmutations | 2 3 |  3.0
Spellcasting   | 5 |  5.6
Invocations    | 1 2 |  2.7
Fighting       | 1 2 |  2.4
Short Blades   | 1 2 |  2.4
Long Blades    | 1 2 |  2.4
Axes           | 1 2 |  2.4
Maces & Flails | 1 2 |  2.4
Polearms       | 1 2 |  2.4
Staves         | 1 2 |  2.4
Slings         | 1 2 |  2.4
Bows           | 1 2 |  2.4
Crossbows      | 1 2 |  2.4
Throwing       | 1 2 |  2.4
Armour         | 1 2 |  2.4
Shields        | 1 2 |  2.4
Unarmed Combat | 1 2 |  2.4
Evocations     | 1 2 |  2.4
Conjurations   | 1 2 |  2.0
Hexes          | 1 2 |  2.0
Summonings     | 1 2 |  2.0
Necromancy     | 1 2 |  2.0
Translocations | 1 2 |  2.0
Fire Magic     | 1 2 |  2.0
Ice Magic      | 1 2 |  2.0
Air Magic      | 1 2 |  2.0
Poison Magic   | 1 2 |  2.0
Dodging        | 5 |  5.2
Stealth        | |  4.9
Earth Magic    | |  5.8

Action                   |  1- 3 |  4- 6 |  7- 9 || total
-------------------------+-------+-------+-------++-------
Melee: Short sword       |    53 |       |       ||    53
       Bite              |     6 |       |       ||     6
       Punch             |     1 |     2 |       ||     3
       Hand axe          |       |    21 |       ||    21
       Long sword        |       |     2 |       ||     2
       War axe           |       |     8 |       ||     8
 Fire: Hunting sling     |       |    27 |     7 ||    34
 Cast: Sandblast         |    24 |    55 |    35 ||   114
  Use: Scroll            |       |     5 |     4 ||     9
       Potion            |       |       |     4 ||     4
 Stab: Sleeping          |     2 |       |       ||     2
Armor: Robe              |     7 |     1 |       ||     8
       Leather armour    |       |     8 |     4 ||    12
Dodge: Dodged            |    50 |    55 |    17 ||   122
